 Dungeon Crawl Stone Soup version 0.17-a0-377-gdd46233 (console) character file.

4330 hhkb the Cruncher (level 10, -1/83 HPs)
             Began as a Ghoul Gladiator on Apr 2, 2015.
             Was a Follower of Lugonu.
             Slain by Snorg (13 damage)
             ... on level 10 of the Dungeon.
             The game lasted 00:33:29 (9299 turns).

hhkb the Cruncher (Ghoul Gladiator)                 Turns: 9299, Time: 00:33:29

Health: -1/83      AC: 13    Str: 20    XL:     10   Next: 33%
Magic:  9/9        EV: 10    Int:  6    God:    Lugonu [*.....]
Gold:   325        SH:  0    Dex:  9    Spells: 0 memorised, 9 levels left

rFire  . . .     SeeInvis .     u - +5 quarterstaff (chaos)
rCold  + . .     Clarity  .     s - +0 chain mail
rNeg   + + +     SustAb   .     (no shield)
rPois  ∞         Gourm    .     c - +0 helmet
rElec  .         Spirit   .     q - +0 cloak
rCorr  .         Warding  +     z - +0 pair of gloves
rMut   .         Stasis   .     (no boots)
MR     .....                    y - amulet of warding {Ward, rN+, !d}
Stlth  ..........               (no ring)
                                v - +2 ring of evasion

@: rotting, not resistant to hostile enchantments, extremely unstealthy
A: rotting body, claws 1, carnivore 3, cold resistance 1, negative energy
resistance 3, slow healing 1, torment resistance, unbreathing
a: Depart the Abyss, Renounce Religion


You were on level 10 of the Dungeon.
You worshipped Lugonu.
Lugonu was aware of your devotion.
You were not hungry.

You visited 1 branch of the dungeon, and saw 10 of its levels.
You visited the Abyss 1 time.

You collected 383 gold pieces.
You spent 58 gold pieces at shops.

Inventory:

Hand weapons
 a - a +0 quarterstaff
 u - a +5 quarterstaff of chaos (weapon)
   (You took it off Crazy Yiuf on level 3 of the Dungeon)
 H - the +7 flail of Heraosot {distort, rF+}
   (You found it on level 9 of the Dungeon)

   It warps and distorts space around it.
   Unwielding it can cause banishment or high damage.
   It protects you from fire.
Missiles
 d - 3 throwing nets {=f, !d}
 i - 299 stones (quivered)
Armour
 c - a +0 helmet (worn)
 q - a +0 cloak (worn)
   (You took it off Crazy Yiuf on level 3 of the Dungeon)
 s - a +0 chain mail (worn)
   (You took it off an orc on level 3 of the Dungeon)
 z - a +0 pair of gloves (worn)
   (You bought it in a shop on level 5 of the Dungeon)
 K - a +0 pair of boots
   (You found it on level 9 of the Dungeon)
Jewellery
 o - an uncursed amulet of guardian spirit {Spirit}
   (You took it off a goblin on level 1 of the Dungeon)
 v - a +2 ring of evasion (left hand)
   (You found it on level 6 of the Dungeon)
 y - an amulet of warding (around neck) {Ward, rN+, !d}
   (You found it on level 7 of the Dungeon)
Magical devices
 l - a wand of polymorph (9)
   (You found it on level 6 of the Dungeon)
 t - a wand of enslavement (24)
   (You took it off Crazy Yiuf on level 3 of the Dungeon)
 x - a wand of confusion (26)
   (You found it on level 7 of the Dungeon)
 C - a wand of frost (21)
   (You found it on level 9 of the Dungeon)
 E - a wand of digging (10)
   (You found it on level 8 of the Dungeon)
 G - a wand of digging (11)
   (You found it on level 9 of the Dungeon)
 J - a wand of slowing (23)
   (You took it off a hobgoblin on level 9 of the Dungeon)
Scrolls
 j - a scroll of fear
 m - 2 scrolls of remove curse
 p - a scroll of magic mapping {!r}
 A - a scroll of recharging
 D - 3 scrolls of amnesia
 L - a scroll of teleportation
Potions
 e - a potion of magic
 g - 5 potions of curing
 k - a potion of cancellation
 n - a potion of ambrosia {unknown}
 F - a potion of brilliance
Books
 r - a book of Cantrips
   (You found it on level 2 of the Dungeon)
Miscellaneous
 I - a lantern of shadows
   (You found it on level 9 of the Dungeon)
Comestibles
 f - 5 meat rations {@e2}
 h - 2 beef jerkies
 w - a royal jelly
 B - a slice of pizza


   Skills:
 - Level 6.0 Fighting
 + Level 11.3 Staves
 - Level 1.7 Throwing
 - Level 6.0 Armour
 - Level 2.6 Dodging


You had 9 spell levels left.
You didn't know any spells.

Dungeon Overview and Level Annotations

Branches:
Dungeon (10/15)            Temple (0/1) D:7
   Lair: D:8-11         Orc: D:9-12

Altars:
Cheibriados
Elyvilon
Gozag
Makhleb
Vehumet
Xom
The Shining One

Shops:
D:5 [   D:8 (

Annotations:
D:7 Joseph
D:10 Nergalle, Snorg


Innate Abilities, Weirdness & Mutations

Your body is rotting away.
You thrive on raw meat.
You are immune to poison.
You have sharp fingernails.
You are carnivorous and can eat meat at any time.
Your flesh is cold resistant.
You are immune to negative energy.
You heal slowly when monsters are visible.
You are immune to unholy pain and torment.
You can survive without breathing.


Message History

The spectral orc knight hits you but does no damage.
You take 2 damage, and have 22/83 hp.
Your chain mail prevents you from hitting the spectral orc knight.
The spectral orc warrior barely misses you.
You sock the spectral orc knight! You burn the spectral orc knight.
The spectral orc knight barely misses you.
You barely miss the spectral orc knight.
The spectral orc warrior completely misses you.
You hit the spectral orc knight but do no damage.
The spectral orc warrior disappears in a puff of smoke!
The spectral orc knight closely misses you.
You hit the spectral orc knight but do no damage.
The spectral orc knight seems to speed up.
The spectral orc knight hits you but does no damage.
You thump the spectral orc knight!
The spectral orc knight suddenly stops moving!
The helpless spectral orc knight fails to defend itself.
You thump the spectral orc knight!
The spectral orc warrior disappears in a puff of smoke!
The helpless spectral orc knight fails to defend itself.
You hit the spectral orc knight. You burn the spectral orc knight.
The helpless spectral orc knight fails to defend itself.
You thump the spectral orc knight! You burn the spectral orc knight.
You destroy the spectral orc knight!
MP restored: 9
There is an open door here.
Which direction?
You close the door.
As you close the door, it creaks loudly!
You open the door.
You close the door.
You close the door.
Eat which item? (? for menu, Esc to quit)
Okay, then.
You start resting.
You regained 23 hp, and now have 49/83 hp.
You start resting.
You feel your flesh rotting away.
You regained 4 hp, and now have 53/82 hp.
You start resting.
Snorg the Insatiable opens the door.
You regained 12 hp, and now have 65/82 hp.
You don't know any spells.
Okay, then.
Aim: Snorg (hasn't noticed you, chance 15%)
Okay, then.
Unknown command.
Aim: Snorg (hasn't noticed you, chance 19%)
Okay, then.
Unknown command.
You open the door.
Snorg shouts!
There is an open door here.
You thump Snorg!
Space warps horribly around Snorg!
You barely miss Snorg. Snorg bites you! Snorg claws you!
Snorg claws you but does no damage.
You take 17 damage, and have 48/82 hp.
MASSIVE DAMAGE!!
You hit Snorg. Snorg bites you but does no damage.
Snorg claws you but does no damage. Snorg closely misses you.
You sock Snorg!
Snorg disappears!
You close the door.
You close the door.
You start resting.
Snorg the Insatiable opens the door.
You regained 10 hp, and now have 60/82 hp.
You open the door. You thump Snorg! Snorg bites you!
Snorg claws you but does no damage. Snorg claws you but does no damage.
You take 8 damage, and have 52/82 hp.
You hit Snorg. You burn Snorg. Snorg bites you but does no damage.
Snorg completely misses you. Snorg claws you but does no damage.
You barely miss Snorg. Snorg bites you. Snorg misses you.
Snorg closely misses you.
You take 3 damage, and have 49/82 hp.
You barely miss Snorg. You hit Snorg.
Snorg is poisoned.
Snorg bites you! Snorg claws you but does no damage. Snorg barely misses you.
You take 7 damage, and have 42/82 hp.
You thump Snorg! You freeze Snorg.
Snorg goes berserk!
You closely miss Snorg. Snorg bites you. Snorg claws you. Snorg claws you!
You take 14 damage, and have 28/82 hp.
You sock Snorg! Snorg bites you but does no damage. Snorg closely misses you.
Snorg closely misses you.
You sock Snorg!
There is a sudden explosion of sparks!
Snorg bites you but does no damage. Snorg claws you but does no damage.
Snorg claws you.
* * * LOW HITPOINT WARNING * * *
You take 4 damage, and have 24/82 hp.
You closely miss Snorg. Snorg bites you!
* * * LOW HITPOINT WARNING * * *
Snorg barely misses you. Snorg claws you but does no damage.
You take 15 damage, and have 9/82 hp.
Drink which item? (? for menu, Esc to quit)
You feel much better. Snorg bites you! Snorg barely misses you.
Snorg claws you!
* * * LOW HITPOINT WARNING * * *
Snorg barely misses you. Snorg claws you!
You die...

##...##+####.##. #<..#...#
+...............##'###...#
#...............#....)...+
###..##.#######+#....%...#
#..##.####.............#
....+...+.+.....#+##....#
.######+##.#.....#..#....+
#.######.##.#.....#..#....#
........'@.+.....'..'..>.#
##+##.####T#.....#..#....+
#......#'###Z.#Z...#
+......'....Z.#....#
#......#..##Z.'.....
###....#..##..#....)
'....'...+..#.....
#....##+##.##..... #.....#
#'#######


You could see Snorg (berserk).

Vanquished Creatures
  Pikel (D:9)
  A gargoyle (D:10)
  A hellwing (D:9)
  Grinder (D:5)
  Prince Ribbit (D:8)
  5 spectral orcs (D:10)
  6 yaks (D:9)
  A hippogriff (D:8)
  2 ogres
  2 phantoms (D:8)
  A black bear (D:9)
  2 centaurs
  4 big kobolds
  6 giant frogs
  2 wyvern zombies (D:9)
  A scorpion (D:6)
  A goliath beetle (D:9)
  A crimson imp (D:7)
  2 orc wizards
  Crazy Yiuf (D:3)
  A giant frog skeleton (D:7)
  Ijyb (D:3)
  An orc priest (D:6)
  Jessica (D:3)
  Natasha (thrice) (D:3)
  An iguana (D:4)
  A killer bee zombie (D:7)
  2 worker ants
  A hound zombie (D:7)
  10 gnolls
  5 shadow imps
  5 adders
  2 worms
  2 adder skeletons
  2 adder zombies (D:9)
  3 oozes
  24 orcs
  11 bats
  2 bat skeletons
  A bat zombie (D:5)
  3 giant cockroaches
  14 goblins
  16 hobgoblins
  25 kobolds
  9 quokkas
  A giant gecko skeleton (D:6)
  5 giant newts
  2 giant spores
  9 jackals
  A jackal skeleton (D:5)
  A quokka skeleton (D:4)
  A quokka zombie (D:9)
  14 rats
  9 ballistomycetes
  A fungus (D:3)
232 creatures vanquished.

Vanquished Creatures (others)
  2 slaves (D:9)
  A giant spore (D:10)
3 creatures vanquished.

Grand Total: 235 creatures vanquished

Notes
Turn   | Place    | Note
--------------------------------------------------------------
     0 | D:1      | hhkb, the Ghoul Gladiator, began the quest for the Orb.
     0 | D:1      | Reached XP level 1. HP: 17/17 MP: 0/0
   170 | D:1      | Reached skill level 3 in Staves
   195 | D:1      | Reached XP level 2. HP: 22/24 MP: 1/1
   608 | D:1      | Reached XP level 3. HP: 24/29 MP: 2/2
  1097 | D:2      | Reached skill level 4 in Staves
  1250 | D:2      | Reached XP level 4. HP: 33/36 MP: 3/3
  2087 | D:3      | Noticed Jessica
  2097 | D:3      | Killed Jessica
  2097 | D:3      | Reached skill level 5 in Staves
  2097 | D:3      | Reached XP level 5. HP: 38/41 MP: 4/4
  2109 | D:3      | Found an opulent altar of Gozag.
  2243 | D:3      | Noticed Natasha
  2254 | D:3      | Killed Natasha
  2254 | D:3      | HP: 10/41 [shadow imp[Natasha] (2)]
  2376 | D:3      | Found a radiant altar of Vehumet.
  2380 | D:3      | Found a glowing golden altar of the Shining One.
  2380 | D:3      | Found a white marble altar of Elyvilon.
  2383 | D:3      | Found a burning altar of Makhleb.
  2384 | D:3      | Noticed Natasha
  2389 | D:3      | Killed Natasha
  2524 | D:3      | Noticed Natasha
  2524 | D:3      | Killed Natasha
  2599 | D:3      | Found a shimmering altar of Xom.
  2607 | D:3      | Became a worshipper of Makhleb the Destroyer
  2664 | D:3      | Noticed Ijyb
  2687 | D:3      | Killed Ijyb
  2767 | D:3      | Reached XP level 6. HP: 22/48 MP: 2/5
  2890 | D:3      | Reached skill level 6 in Staves
  3206 | D:3      | Noticed Crazy Yiuf
  3214 | D:3      | Killed Crazy Yiuf
  3465 | D:4      | Acquired Makhleb's first power
  3795 | D:5      | Entered Level 5 of the Dungeon
  3925 | D:5      | Noticed Grinder
  3934 | D:5      | Paralysed by something for 7 turns
  3942 | D:5      | HP: 8/48 [something/wand of flame (9)]
  3946 | D:5      | Paralysed by something for 2 turns
  3947 | D:5      | HP: 5/48 [something/wand of flame (1)]
  4278 | D:5      | Found Vathrean's Armour Boutique.
  4291 | D:5      | Bought a +0 pair of gloves for 58 gold pieces
  4573 | D:6      | Reached skill level 7 in Staves
  4573 | D:6      | Reached XP level 7. HP: 49/53 MP: 3/6
  4588 | D:6      | Noticed a hill giant
  4906 | D:5      | Killed Grinder
  4949 | D:6      | Acquired Makhleb's second power
  5017 | D:6      | Reached skill level 8 in Staves
  5403 | D:6      | Reached XP level 8. HP: 50/60 MP: 7/7
  5558 | D:7      | Found a staircase to the Ecumenical Temple.
  5647 | D:7      | Found a shimmering altar of Xom.
  5804 | D:7      | Noticed Joseph
  6034 | D:7      | Reached skill level 9 in Staves
  6650 | D:8      | Acquired Makhleb's third power
  6686 | D:8      | Noticed Prince Ribbit
  6694 | D:8      | Killed Prince Ribbit
  6767 | D:8      | Reached skill level 10 in Staves
  6772 | D:8      | Reached skill level 3 in Fighting
  6772 | D:8      | Reached skill level 1 in Armour
  6806 | D:8      | Found Baxil's Antique Weapon Shoppe.
  6824 | D:8      | Reached skill level 2 in Armour
  6824 | D:8      | Reached XP level 9. HP: 67/71 MP: 5/8
  6931 | D:8      | Reached skill level 4 in Fighting
  7346 | D:8      | Reached skill level 3 in Armour
  7602 | D:8      | Reached skill level 5 in Fighting
  7875 | D:9      | Acquired Makhleb's fourth power
  7890 | D:9      | Reached skill level 4 in Armour
  7895 | D:9      | Reached skill level 6 in Fighting
  7902 | D:9      | Reached skill level 5 in Armour
  7968 | D:9      | Found a snail-covered altar of Cheibriados.
  8006 | D:9      | Reached skill level 6 in Armour
  8074 | D:9      | Got an ancient flail
  8075 | D:9      | Identified the +7 flail of Heraosot {distort, rF+} (You found it on level 9 of the Dungeon)
  8076 | D:9      | Cast into the Abyss (a distortion unwield)
  8076 | Abyss:1  | Found a corrupted altar of Lugonu.
  8080 | Abyss:1  | Fell from the grace of Makhleb
  8080 | Abyss:1  | Became a worshipper of Lugonu the Unformed
  8080 | Abyss:1  | Acquired Lugonu's first power
  8081 | D:9      | Escaped the Abyss
  8286 | D:9      | Noticed Pikel
  8342 | D:9      | Killed Pikel
  8342 | D:9      | Reached XP level 10. HP: 71/83 MP: 6/9
  8403 | D:9      | Noticed a balrug
  8715 | D:9      | Reached skill level 11 in Staves
  8836 | D:10     | Entered Level 10 of the Dungeon
  8836 | D:10     | Noticed Snorg
  8908 | D:10     | Noticed an eight-headed hydra
  8966 | D:10     | Noticed Nergalle
  9298 | D:10     | HP: 9/82 [Snorg (15)]
  9299 | D:10     | Slain by Snorg

Action                   |  1- 3 |  4- 6 |  7- 9 | 10-12 || total
-------------------------+-------+-------+-------+-------++-------
Melee: Dagger            |   117 |   134 |       |       ||   251
       Quarterstaff      |     1 |    87 |   353 |   149 ||   590
       Unarmed           |       |       |    20 |       ||    20
Throw: Stone             |     2 |     9 |    16 |     4 ||    31
Invok: Depart the Abyss  |       |       |     1 |       ||     1
  Use: Scroll            |     3 |    12 |    10 |     1 ||    26
       Potion            |       |     2 |     1 |     1 ||     4
 Stab: Paralysed         |       |       |     4 |     3 ||     7
       Petrified         |       |       |     2 |       ||     2
       Confused          |       |       |       |     1 ||     1
  Eat: Chunk             |     7 |    13 |    26 |    10 ||    56

Vault maps used:
D:1:      dpeg_chamrin_arrival_tetris
D:3:      grunt_gozag_breadcrumbs, minitemple, uniq_jessica, uniq_natasha,
          uniq_iyjb, uniq_crazy_yiuf_cottage
D:5:      first_bread, serial_shops, nicolae_shop_stone, minmay_misc_feat_room,
          uniq_grinder
D:6:      minmay_misc_feat_iff, minmay_misc_feat_four_crosses
D:7:      minmay_temple_entry_butterflies, xom_teletrap_fun, uniq_joseph
D:8:      serial_shops, nicolae_shop_stone, uniq_prince_ribbit1
D:9:      cheibriados_altar_wand_db, serial_corexii_hall,
          corexii_hall_statues_l, corexii_hall_statues_l,
          corexii_hall_statues_x, uniq_pikel
D:10:     uniq_snorg, uniq_nergalle

Table legend:
 A = Turns spent in this place as a percentage of turns spent in the entire game.
 B = Non-inter-level travel turns spent in this place as a percentage of non-inter-level travel turns spent in the entire game.
 C = Inter-level travel turns spent in this place as a percentage of turns spent in this place.
 D = Turns resting spent in this place as a percentage of non-inter-level travel turns spent in this place.
 E = Turns spent auto-exploring this place as a percentage of non-inter-level travel turns spent in this place.
 F = Non-inter-level travel turns spent in this place divided by the number of levels of this place that you've seen.
                   A       B       C       D       E      F
               +-------+-------+-------+-------+-------+----------------------
         Total | 100.0 | 100.0 |   0.8 |   0.8 |   5.7 | 432.7
       Dungeon |  99.9 |  99.9 |   0.8 |   0.8 |   5.7 | 475.3
         Abyss |   0.1 |   0.1 |   0.0 |   0.0 |   0.0 |   7.0
               +-------+-------+-------+-------+-------+----------------------

Table legend:
 A = Kills in this place as a percentage of kills in entire the game.
 B = Kills by you in this place as a percentage of kills by you in the entire game.
 C = Kills by friends in this place as a percentage of kills by friends in the entire game.
 D = Other kills in this place as a percentage of other kills in the entire game.
 E = Experience gained in this place as a percentage of experience gained in the entire game.
 F = Experience gained in this place divided by the number of levels of this place that you have seen.
                   A       B       C       D       E      F
               +-------+-------+-------+-------+-------+----------------------
         Total | 100.0 | 100.0 |  -nan |  -nan | 100.0 | 562.4
       Dungeon | 100.0 | 100.0 |  -nan |  -nan | 100.0 | 618.6
               +-------+-------+-------+-------+-------+----------------------
